 Seeded DCSS version 0.30.1-9-gdf580d7c3d (webtiles) character file.

Game seed: 5129858224507802926 (custom seed)

115 Psyclone the Conjurer (level 4, -5/24 HPs)
             Began as a Deep Elf Conjurer on Oct 6, 2023.
             Killed from afar by an orc wizard (7 damage)
             ... with a magic dart
             ... on level 3 of the Dungeon.
             The game lasted 00:07:42 (2153 turns).

Psyclone the Conjurer (Deep Elf Conjurer)           Turns: 2153, Time: 00:07:43

Health: -5/24      AC:  2    Str:  4    XL:     4   Next: 68%
Magic:  4/10       EV: 12    Int: 25    God:
Gold:   200        SH:  0    Dex: 13    Spells: 6/9 levels left

rFire   . . .        f - +0 dagger
rCold   . . .        (no shield)
rNeg    . . .        a - +0 robe
rPois   .            (no helmet)
rElec   .            (no cloak)
rCorr   .            (no gloves)
SInv    .            (no boots)
Will    .....        (no amulet)
Stlth   ++           (no ring)
HPRegen 0.24/turn    (no ring)
MPRegen 0.12/turn

%: no passive effects
@: no status effects
A: no striking features
a: no special abilities


You were on level 3 of the Dungeon.
You visited 1 branch of the dungeon, and saw 3 of its levels.

You collected 200 gold pieces.

Inventory:

Hand Weapons
 f - a +0 dagger (weapon)
Armour
 a - a +0 robe (worn)
Scrolls
 c - 2 scrolls of vulnerability {unknown}
 e - 2 scrolls of fear {unknown}
 i - a scroll of magic mapping {unknown}
 j - a scroll of identify {unknown}
 k - a scroll of amnesia {unknown}
Potions
 b - a potion of magic
 d - a potion of curing {unknown}
 g - 2 potions of mutation {unknown}
 h - a potion of might {unknown}
 l - a potion of flight {unknown}


   Skills:
 - Level 2.4 Dodging
 - Level 2.4 Stealth
 - Level 3.0 Spellcasting
 + Level 6.7 Conjurations


You had 6 spell levels left.
You knew the following spells:

 Your Spells              Type           Power      Damage    Failure   Level
a - Magic Dart            Conj           100%       1d8       1%          1
b - Searing Ray           Conj           74%        2d7       1%          2

Your spell library contained the following spells:

 Spells                   Type           Power      Damage    Failure   Level
 Dazzling Flash           Conj/Hex       40%        N/A       8%          3
 Fulminant Prism          Conj/Hex       10%        3d8       26%         4
 Iskenderun's Mystic Bla  Conj/Tloc      20%        2d6       26%         4


Dungeon Overview and Level Annotations

Branches:
Dungeon (3/15) Zot: 15845

Altars:

Shops:
D:1 [   D:2 =![(


Message History

Aiming: Magic Dart (safe; 1% risk of failure)
Press: ? - help, Shift-Dir - straight line, f/p - orc
Aim: an orc, wielding a +0 flail and wearing a +0 scale mail (heavily wounded, 100% to hit)
The magic dart hits the orc but does no damage.
The orc is heavily wounded.
The orc priest shouts!
You now have 6/10 mp.
A magic dart appears from out of thin air!
The magic dart hits you.
You take 4 damage, and have 20/24 hp.
A magic dart appears from out of thin air!
The magic dart hits you!
You take 7 damage, and have 14/24 hp.
MASSIVE DAMAGE!!
Casting: Magic Dart (safe; 1% risk of failure)
Confirm with . or Enter, or press ? or * to list all spells.
Aiming: Searing Ray (safe; 1% risk of failure)
Press: ? - help, Shift-Dir - straight line, f - orc priest, p - orc
Aim: an orc priest, wielding a +0 dagger (81% to hit)
The searing ray hits something!
The searing ray hits the orc!
You kill the orc!
The searing ray misses the orc priest. (Press . to maintain the ray.)
You now have 5/10 mp.
The searing ray hits the orc.
The orc is heavily wounded.
The searing ray hits the orc priest.
The orc priest is moderately wounded.
Something hits you.
The orc priest calls down the wrath of Beogh upon you.
Beogh smites you!
* * * LOW HITPOINT WARNING * * *
You take 13 damage, and have 1/24 hp.
MASSIVE DAMAGE!!
The searing ray hits the orc.
You kill the orc!
The searing ray hits the orc priest!
You kill the orc priest!
You hear some strange, mumbled words.
A magic dart appears from out of thin air!
The magic dart hits you!
You die...

##.#.# ... #.#.# .o#
######## #.#.# !.#
.......###.#.# o.#
#####...##.#.# ..#
#......#.#.# ..#
#.†........# ######..#
#......#.#########.......#
##....##.#.)..@{))).....##
#.#.........)###########
#.############ .. ##


There were no monsters in sight!

Vanquished Creatures
  An orc priest (D:3)
  4 gnolls (D:2)
  An adder (D:2)
  A worm (D:2)
  A dart slug (D:2)
  4 orcs (D:3)
  8 ball pythons
  6 endoplasms
  A giant cockroach (D:3)
  7 goblins
  6 hobgoblins
  4 quokkas
  5 bats
  5 frilled lizards
  2 kobolds
  4 rats
60 creatures vanquished.

Notes
Turn   | Place    | Note
-------+----------+-------------------------------------------
     0 | D:1      | Psyclone the Deep Elf Conjurer began the quest for the Orb.
     0 | D:1      | Reached XP level 1. HP: 10/10 MP: 6/6
   218 | D:1      | Reached XP level 2. HP: 15/15 MP: 6/8
   272 | D:1      | Reached skill level 5 in Conjurations
   403 | D:1      | Found Qair's Armour Shoppe.
   731 | D:2      | Reached XP level 3. HP: 19/19 MP: 6/9
   781 | D:2      | Found Xoolosaxt's Antique Armour Shop.
   940 | D:1      | Learned a level 2 spell: Searing Ray
  1034 | D:2      | Reached skill level 6 in Conjurations
  1106 | D:2      | Reached XP level 4. HP: 23/24 MP: 6/10
  1297 | D:2      | Found Ogoraot's Weapon Shop.
  1394 | D:2      | Found Tatheism's Distillery.
  1452 | D:2      | Found Zutuxkoi's Jewellery Shop.
  2152 | D:3      | HP: 1/24 [orc priest/divine providence (10)]
  2153 | D:3      | Killed from afar by an orc wizard

Illustrated notes

Levels and vault maps discovered:
D:1:      saegor_arrival_simple_c, layout_rooms, serial_shops, shop,
          kennysheep_nondescript, minmay_misc_feat_ornament
D:2:      layout_basic, serial_shops, nicolae_shop_tiny_statue_garden,
          nicolae_shop_scrapyard, shop, shop
D:3:      layout_loops_ring

Skill      XL: |  1  2  3 |
---------------+----------+-----
Conjurations   | 5 6 |  6.7
Dodging        | |  2.4
Stealth        | |  2.4
Spellcasting   | |  3.0

Action                     |  1- 3 |  4- 6 || total
---------------------------+-------+-------++-------
   Cast: Magic Dart        |    63 |    39 ||   102
         Searing Ray       |     2 |     4 ||     6
 Armour: Robe              |     1 |     1 ||     2
  Dodge: Dodged            |     4 |     6 ||    10
